 Dungeon Crawl Stone Soup version 0.31-a0-325-g067879e3d3 (webtiles) character file.

Game seed: 13332955079633738710

18 lunkers the Insei (level 3, -1/29 HPs)
             Began as a Meteoran Shapeshifter on July 18, 2023.
             Slain by a gnoll
             ... wielding a +0 flail
              (8 damage)
             ... on level 1 of the Dungeon.
             The game lasted 00:00:44 (308 turns).

lunkers the Insei (Meteoran Shapeshifter)            Turns: 308, Time: 00:00:44

Health: -1/29      AC:  2    Str: 16    XL:     3   Next: 5%
Magic:  4/4        EV: 13    Int:  9    God:
Gold:   38         SH:  0    Dex: 17    Spells: 2/2 levels left

rFire   . .          .
                       - Unarmed
rCold   . . .        (no shield)
rNeg    . . .        a - +0 animal skin
rPois   .            (helmet currently unavailable)
rElec   .            (cloak currently unavailable)
rCorr   .            (gloves currently unavailable)
SInv    .            (boots currently unavailable)
Will    +....        (no amulet)
Stlth   +            i - ring of willpower
HPRegen 0.24/turn    (no ring)
MPRegen 0.09/turn

%: no passive effects
@: beast-form, glowing
A: beast (slay +2), sense surroundings 1, otherworldly, glowing, explore regen
a: Begin Untransformation


You were on level 1 of the Dungeon.
You were a hulking beast.
You visited 1 branch of the dungeon, and saw 2 of its levels.

You collected 38 gold pieces.

Inventory:

Armour
 a - a +0 animal skin (worn)
Jewellery
 i - a ring of willpower (left hand)
Talismans
 c - a beast talisman
Scrolls
 d - a scroll of fear {unknown}
 e - a scroll of vulnerability {unknown}
 g - a scroll of noise {unknown}
 h - a scroll of identify {unknown}
Potions
 b - a potion of lignification
 f - a potion of curing {unknown}


   Skills:
 - Level 2.1 Fighting
 - Level 2.4 Dodging
 * Level 3.9 Unarmed Combat
 - Level 3.6 Shapeshifting


You had 2 spell levels left.
You didn't know any spells.
Your spell library was empty.

Dungeon Overview and Level Annotations

Branches:
Dungeon (2/15) Zot: 894

Altars:


Innate Abilities, Weirdness & Mutations

You are a hulking beast.
Your limbs bulge with bestial killing power. (Slay +2)
You passively map a small area around you.
You are easily found by Zot.
You glow in the dark.
You regain HP and MP as you explore.


Message History

You completely miss the goblin.
The goblin is heavily wounded.
The goblin hits you with a +0 club.
You barely miss the goblin.
The goblin is heavily wounded.
The goblin hits you but does no damage.
You punch the goblin!
You kill the goblin!
Things that are here:
a +0 club; a goblin corpse
i - a ring of willpower
i - a ring of willpower (left hand)
You see here a hobgoblin corpse.
You see here a ball python corpse.
There is a stone staircase leading down here.
You climb downwards.
HP restored.
The kobold shouts!
The gnoll shouts!
You hear a shout!
Found a ring of willpower, 8 gold pieces and a sling.
Found a faded altar of an unknown god.
Found an escape hatch in the floor.
There is a stone staircase leading up here.
There are monsters nearby!
The gnoll hits you with a +0 flail!
You climb upwards.
There is a stone staircase leading down here.
You barely miss the gnoll. You hit the gnoll.
The gnoll is moderately wounded.
The gnoll hits you with a +0 flail.
You barely miss the gnoll.
The gnoll is moderately wounded.
The gnoll hits you with a +0 flail.
* * * LOW HITPOINT WARNING * * *
You closely miss the gnoll.
The gnoll is moderately wounded.
The gnoll hits you with a +0 flail!
* * * LOW HITPOINT WARNING * * *
You closely miss the gnoll.
The gnoll is moderately wounded.
The gnoll hits you with a +0 flail!
You die...

* , , , , , , ##.# * , , ,
,.....* , , #..... * ,** ,
#.....########### * **
#................ *
#.........#.#######
#........h........####
#........†g###.##....####
#........††#............##
#.........)#.#.#####......
#..........#.#(# #......
#.##.......#.#.# #...... *
#, #.........#.# ##......
#.##......####.# #.....##
* #..............#
#.....##


You could see a gnoll.

Vanquished Creatures
  A dart slug (D:1)
  An endoplasm (D:1)
  4 goblins (D:1)
  A hobgoblin (D:1)
  4 ball pythons (D:1)
  A kobold (D:1)
  4 rats (D:1)
16 creatures vanquished.

Notes
Turn   | Place    | Note
-------+----------+-------------------------------------------
     0 | D:1      | lunkers the Meteoran Shapeshifter began the quest for the
                  | Orb.
     0 | D:1      | Reached XP level 1. HP: 17/17 MP: 2/2
    70 | D:1      | Reached XP level 2. HP: 17/24 MP: 3/3
   249 | D:1      | Reached XP level 3. HP: 27/29 MP: 4/4
   301 | D:2      | Found a faded altar of an unknown god.
   308 | D:1      | Slain by a gnoll

Illustrated notes

Levels and vault maps discovered:
D:1:      wander_arrival_estate, layout_basic
D:2:      layout_rooms, ebering_ecumenical_altar_rust, minmay_vboxes

Skill      XL: |  1 |
---------------+----+-----
Unarmed Combat | 3 |  3.9
Fighting       | |  2.1
Dodging        | |  2.4
Shapeshifting  | |  3.6

Action                     || total
---------------------------++-------
  Melee: Unarmed           ||    48
 Armour: Animal skin       ||     7
  Dodge: Dodged            ||    19

Table legend: (Time is in decaauts)
 A = Elapsed time spent in this place.
 B = Non-inter-level travel time spent in this place.
 C = Inter-level travel time spent in this place.
 D = Time resting spent in this place.
 E = Time spent auto-exploring this place.
 F = Levels seen in this place.
 G = Mean time per level.
                   A        B        C        D        E       F      G
               +--------+--------+--------+--------+--------+-----+--------+
         Total |    304 |    304 |      0 |      0 |    171 |   2 |  152.0 |
       Dungeon |    304 |    304 |      0 |      0 |    171 |   2 |  152.0 |
               +--------+--------+--------+--------+--------+-----+--------+

Top non-repeatable levels by time:
     D:1: 302 daAuts
     D:2: 1 daAuts
